 Dungeon Crawl Stone Soup version 0.30-a0-782-ge64f9170bb (webtiles) character file.

Game seed: 9808435532717229463

159 Leeroy the Changer (level 5, -2/33 HPs)
             Began as an Octopode Transmuter on Feb 22, 2023.
             Slain by an orc
             ... wielding a +0 dagger
              (4 damage)
             ... on level 3 of the Dungeon.
             The game lasted 00:01:29 (1699 turns).

Leeroy the Changer (Octopode Transmuter)            Turns: 1699, Time: 00:01:30

Health: -2/33      AC:  1    Str: 11    XL:     5   Next: 40%
Magic:  8/8        EV: 13    Int: 16    God:
Gold:   111        SH:  0    Dex: 12    Spells: 7/8 levels left

rFire   + . .      SeeInvis .      - Unarmed
rCold   . . .      Faith    .    (no shield)
rNeg    . . .      Spirit   .    (helmet restricted)
rPois   .          Reflect  .    (no amulet)
rElec   .          Harm     .    f - ring of protection from fire
rCorr   .          Rampage  .    (no ring)
Will    .....                    (no ring)
Stlth   ++                       (no ring)
HPRegen 0.25/turn                (no ring)
MPRegen 0.11/turn                (no ring)
                                 (no ring)
                                 (no ring)

@: no status effects
A: almost no armour, amphibious, 8 rings, camouflage 1, gelatinous body 1,
(nimble swimmer 1), tentacles
a: no special abilities


You were on level 3 of the Dungeon.
You visited 1 branch of the dungeon, and saw 3 of its levels.

You collected 111 gold pieces.

Inventory:

Jewellery
 f - a ring of protection from fire (left tentacle)
 q - an amulet of magic regeneration
Scrolls
 d - a scroll of noise {unknown}
 e - 2 scrolls of poison {unknown}
 g - 3 scrolls of blinking {unknown}
 h - a scroll of magic mapping {unknown}
 i - a scroll of fear {unknown}
 j - a scroll of vulnerability {unknown}
 l - a scroll of silence {unknown}
 m - a scroll of teleportation {unknown}
 p - 2 scrolls of identify {unknown}
Potions
 a - 2 potions of lignification
 b - a potion of resistance {unknown}
 c - a potion of heal wounds {unknown}
 k - a potion of might {unknown}
 n - a potion of experience {unknown}
 o - a potion of degeneration {unknown}
 r - a potion of attraction {unknown}


   Skills:
 - Level 1.0 Fighting
 - Level 2.0 Dodging
 - Level 3.0 Unarmed Combat
 - Level 2.0 Spellcasting
 * Level 5.4 Transmutations


You had 7 spell levels left.
You knew the following spells:

 Your Spells              Type           Power      Damage    Failure   Level
a - Beastly Appendage     Tmut           38%        N/A       2%          1

Your spell library contained the following spells:

 Spells                   Type           Power      Damage    Failure   Level
 Wereblood                Tmut           19%        N/A       3%          2
 Magic Dart               Conj           4%         1d3       21%         1
 Spider Form              Tmut/Pois      10%        N/A       21%         3
 Searing Ray              Conj           2%         2d4       30%         2
 Static Discharge         Conj/Air       2%         2-3/arc   30%         2
 Dazzling Flash           Conj/Hex       2%         N/A       52%         3
 Vhi's Electric Charge    Tloc/Air       2%         N/A       52%         3
 Ice Form                 Ice/Tmut       10%        N/A       56%         4
 Fulminant Prism          Conj/Hex       0%         3d5       90%         4
 Iskenderun's Mystic Bla  Conj/Tloc      1%         2d3       90%         4
 Arcjolt                  Conj/Air       0%         1d10      99%         5
 Lightning Bolt           Conj/Air       0%         1d11      99%         5
 Starburst                Conj/Fire      0%         6d3       100%        6


Dungeon Overview and Level Annotations

Branches:
Dungeon (3/15)

Altars:
Gozag

Shops:
D:2 (

Annotations:
D:2 1 runed translucent door, Crazy Yiuf


Innate Abilities, Weirdness & Mutations

You cannot wear most types of armour.
You are amphibious.
You can wear up to eight rings at the same time.
Your skin changes colour to match your surroundings (Stealth+).
Your rubbery body absorbs attacks. (AC +1, EV +1)
((You are camouflaged when in or above water. (Stealth+)))
You have tentacles for arms and can constrict up to eight enemies at once.


Message History

a +0 war axe; an orc corpse
Found an opulent altar of Gozag.
An orc priest comes into view. It is wielding a +0 club.
An orc priest is nearby!
Found 5 stones.
An orc comes into view. It is wielding a +0 hand axe.
An orc comes into view. It is wielding a +0 dagger.
The orc shouts!
The orc priest shouts!
The orc priest calls down the wrath of Beogh upon you.
Beogh smites you!
You hear a shout!
An orc comes into view.
It is wielding a +0 war axe of electrocution.
Found a scroll labelled XIOTOQ FESECK.
Found a stone staircase leading down.
The orc shouts!
You tentacle-slap the orc priest but do no damage.
Your grab misses the orc priest.
The orc priest begins to cast a cantrip, but forgets the words!
An orc comes into view. It is wielding a +0 club.
You closely miss the orc priest. Your grab misses the orc priest.
The orc priest barely misses you.
You tentacle-slap the orc priest. You grab the orc priest.
The orc priest is moderately wounded.
You constrict the orc priest. The orc priest hits you with a +0 club.
You are too injured to fight recklessly!
You are too injured to fight recklessly!
You tentacle-slap the orc priest. You squeeze the orc priest!
You kill the orc priest!
The orc hits you with a +0 dagger. The orc attacks as you move away!
The orc closely misses you. The orc attacks as you move away!
The orc hits you with a +0 dagger.
* * * LOW HITPOINT WARNING * * *
The orc attacks as you move away! The orc hits you with a +0 dagger.
* * * LOW HITPOINT WARNING * * *
Okay, then.
The orc attacks as you move away! The orc completely misses you.
The orc attacks as you move away! The orc hits you with a +0 dagger.
* * * LOW HITPOINT WARNING * * *
You closely miss the orc. You grab the orc. You constrict the orc.
The orc hits you with a +0 dagger.
You die...

.....#
#.....##########...
###### #.....#
#.......... #.....#
#......##.. #.....#
#.......... #####.#
#).....#### #.#
#......# #.#
#......#
######.##########
#..@o...# #.###o..#
# #.o.# #.o## #o.#
#.?.)..# #......#
#....... #..(....#


You could see 3 orcs.

Vanquished Creatures
  A black bear (D:3)
  An orc priest (D:3)
  3 dart slugs
  2 orcs (D:3)
  2 ball pythons
  6 endoplasms
  2 giant cockroaches
  2 goblins (D:1)
  2 hobgoblins
  A quokka (D:1)
  5 bats
  A frilled lizard (D:2)
  3 kobolds (D:2)
  A rat (D:2)
32 creatures vanquished.

Notes
Turn   | Place    | Note
-------+----------+-------------------------------------------
     0 | D:1      | Leeroy the Octopode Transmuter began the quest for the Orb.
     0 | D:1      | Reached XP level 1. HP: 13/13 MP: 3/3
   120 | D:1      | Reached XP level 2. HP: 18/18 MP: 5/5
   297 | D:1      | Reached skill level 3 in Transmutations
   849 | D:2      | Reached XP level 3. HP: 23/23 MP: 6/6
   907 | D:2      | Found Dochuy's Weapon Emporium.
  1151 | D:2      | Found a runed translucent door.
  1152 | D:2      | Noticed Crazy Yiuf
  1445 | D:3      | Noticed a black bear
  1453 | D:3      | Killed a black bear
  1454 | D:3      | Reached skill level 5 in Transmutations
  1454 | D:3      | Reached XP level 4. HP: 10/28 MP: 7/7
  1454 | D:3      | Reached XP level 5. HP: 11/33 MP: 8/8
  1633 | D:3      | Found an opulent altar of Gozag.
  1697 | D:3      | HP: 1/33 [orc/+0 dagger (3)]
  1699 | D:3      | Slain by an orc

Illustrated notes

Levels and vault maps discovered:
D:1:      giann_wishing_wells, layout_loops_ring, grunt_decor_arrowhead,
          minmay_door_square
D:2:      layout_rooms, serial_shops, nicolae_shop_advertising_works
          [nicolae_subvault_shop_adworks], uniq_crazy_yiuf_cottage
D:3:      layout_basic, mainiacjoe_overflow_catwalk, dk_noncrumbling_3,
          minmay_quantized

Skill      XL: |  1  2  3 |
---------------+----------+-----
Transmutations | 3 5 |  5.4
Fighting       | |  1.0
Dodging        | |  2.0
Unarmed Combat | |  3.0
Spellcasting   | |  2.0

Action                     |  1- 3 |  4- 6 || total
---------------------------+-------+-------++-------
  Melee: Unarmed           |    68 |    11 ||    79
         Tentacles         |    13 |     3 ||    16
         Constrict         |    11 |     5 ||    16
         Punch             |     2 |     1 ||     3
         Kick              |     2 |       ||     2
   Cast: Beastly Appendage |     3 |       ||     3
   Stab: Sleeping          |     4 |     1 ||     5
 Armour: Skin              |     8 |       ||     8
  Dodge: Dodged            |    36 |     6 ||    42

Table legend: (Time is in decaauts)
 A = Elapsed time spent in this place.
 B = Non-inter-level travel time spent in this place.
 C = Inter-level travel time spent in this place.
 D = Time resting spent in this place.
 E = Time spent auto-exploring this place.
 F = Levels seen in this place.
 G = Mean time per level.
                   A        B        C        D        E       F      G
               +--------+--------+--------+--------+--------+-----+--------+
         Total |   1693 |   1637 |     56 |      0 |   1385 |   3 |  564.3 |
       Dungeon |   1693 |   1637 |     56 |      0 |   1385 |   3 |  564.3 |
               +--------+--------+--------+--------+--------+-----+--------+

Top non-repeatable levels by time:
     D:1: 817 daAuts
     D:2: 559 daAuts
     D:3: 317 daAuts
